 Dungeon Crawl Stone Soup version 0.25-a0-178-gc9f82b1288 (webtiles) character file.

Game seed: 45364073257030380, levelgen mode: deterministic

121 vurker the Gusty (level 5, -3/33 HPs)
             Began as an Octopode Air Elementalist on Nov 26, 2019.
             Slain by Sigmund
             ... wielding a +0 scythe
              (12 damage)
             ... on level 2 of the Dungeon.
             The game lasted 00:03:31 (2560 turns).

vurker the Gusty (Octopode Air Elementalist)        Turns: 2560, Time: 00:03:31

Health: -3/33      AC:  1    Str:  7    XL:     5   Next: 5%
Magic:  1/9        EV: 13    Int: 19    God:
Gold:   38         SH:  0    Dex: 12    Spells: 9/10 levels left

rFire    . . .     SeeInvis .   c - +2 dagger (freeze)
rCold    . . .     Gourm    .   (no shield)
rNeg     . . .     Faith    .   (helmet restricted)
rPois    .         Spirit   .   (no amulet)
rElec    .         Reflect  .   (no ring)
rCorr    .         Harm     .   (no ring)
MR       .....                  (no ring)
Stlth    +++.......             (no ring)
HPRegen  0.11/turn              (no ring)
MPRegen  0.11/turn              (no ring)
                                (no ring)
                                (no ring)

@: no status effects
A: almost no armour, stealthy swim, amphibious, 8 rings, constrict 8, camouflage
1, gelatinous body 1
a: no special abilities


You were on level 2 of the Dungeon.
You were not hungry.

You visited 1 branch of the dungeon, and saw 2 of its levels.

You collected 38 gold pieces.

Inventory:

Hand Weapons
 c - a +2 dagger of freezing (weapon)
   (You found it on level 1 of the Dungeon)
Missiles
 j - a throwing net (quivered)
Scrolls
 b - a scroll of remove curse {unknown}
 d - a scroll of enchant weapon {unknown}
 f - 2 scrolls of teleportation {unknown}
 h - a scroll of identify {unknown}
Potions
 a - a potion of heal wounds
 g - 2 potions of brilliance {unknown}
 i - a potion of lignification {unknown}
Comestibles
 e - 5 rations
 k - 3 chunks of flesh


   Skills:
 + Level 1.4 Fighting
 - Level 2.0 Dodging
 - Level 2.6 Stealth
 * Level 3.0 Spellcasting
 * Level 2.5 Conjurations
 * Level 3.8 Air Magic


You had 9 spell levels left.
You knew the following spells:

 Your Spells              Type           Power        Failure   Level  Hunger
a - Shock                 Conj/Air       ##..         4%          1    None

Your spell library contained the following spells:

 Spells                   Type           Power        Failure   Level  Hunger
 Swiftness                Chrm/Air       ##......     11%         2    ##.....
 Static Discharge         Conj/Air       ##......     13%         3    ###....
 Airstrike                Air            ###.......   32%         4    ####...
 Lightning Bolt           Conj/Air       ##........   75%         5    ######.


Dungeon Overview and Level Annotations

Branches:
Dungeon (2/15)

Altars:
Ru

Annotations:
D:2 Sigmund


Innate Abilities, Weirdness & Mutations

You cannot wear most types of armour.
You are very stealthy in the water. (Stealth+)
You are amphibious.
You can wear up to eight rings at the same time.
You can use your tentacles to constrict eight enemies at once.
Your skin changes colour to match your surroundings (Stealth+).
Your rubbery body absorbs attacks. (AC +1, EV +1)


Message History

Found a sacrificial altar of Ru.
A goblin is nearby!
Found a blue potion.
Aim: a goblin (resting)
The zap hits the goblin.
You kill the goblin!
You can't see any susceptible monsters within range! (Use Z to cast anyway.) All of the chunks of flesh in your inventory have rotted away.
i - a blue potion A giant cockroach comes into view.
The zap hits the giant cockroach.
The zap misses the giant cockroach.
The zap hits the giant cockroach.
You kill the giant cockroach!
You butcher the giant cockroach corpse.
k - 2 chunks of flesh A bat comes into view.
A bat is nearby!
Aim: a bat (resting)
The zap hits the bat.
Aim: a bat (moderately wounded)
You miscast Shock.
You are very lightly contaminated with residual magic.
You feel electric! The bat hits you but does no damage.
Aim: a bat (moderately wounded)
The zap hits the bat.
You kill the bat!
You can't see any susceptible monsters within range! (Use Z to cast anyway.)
Your magical contamination has completely faded away.
You butcher the bat corpse.
k - 3 chunks of flesh (gained 1)
You see here a bat skeleton. x2
Sigmund is nearby!
The zap hits Sigmund.
Sigmund shouts!
The zap hits Sigmund.
Sigmund gestures at you while chanting. The magic dart hits you!
The zap hits Sigmund.
The zap misses Sigmund.
Sigmund drinks a potion.
Sigmund is healed!
The zap hits Sigmund. x2
The zap misses Sigmund.
The zap hits Sigmund.
Sigmund hits you from afar with a +0 scythe!
The zap hits Sigmund.
The zap hits Sigmund.
Sigmund hits you from afar with a +0 scythe!
* * * LOW HITPOINT WARNING * * *
The zap misses Sigmund.
Sigmund hits you from afar with a +0 scythe!
You die...

#....#.#.......#.#.##
#...)#.#.##.##.#.#.#
###....#.#.#...#.#.#.#
#............_.......#
#.######.#.#...#.#.###
#. #.#.##.##.#.# #
#.#.......#.#
#.####@####.#
#.......@...#
######.###### .. ##


You could see Sigmund.

Vanquished Creatures
  Jessica (D:2)
  4 gnolls (D:2)
  2 adders (D:2)
  A dart slug (D:2)
  A leopard gecko (D:1)
  10 bats
  3 giant cockroaches (D:2)
  3 goblins (D:2)
  3 hobgoblins (D:1)
  5 kobolds
  A frilled lizard (D:1)
  5 rats
39 creatures vanquished.

Notes
Turn   | Place    | Note
-------+----------+-------------------------------------------
     0 | D:1      | vurker the Octopode Air Elementalist began the quest for
                  | the Orb.
     0 | D:1      | Reached XP level 1. HP: 11/11 MP: 3/3
   322 | D:1      | Reached XP level 2. HP: 18/18 MP: 0/5
  1379 | D:2      | Reached XP level 3. HP: 18/22 MP: 0/6
  1778 | D:2      | Reached skill level 1 in Fighting
  1977 | D:2      | Reached XP level 4. HP: 20/28 MP: 3/8
  2234 | D:2      | Noticed Sigmund
  2371 | D:2      | Noticed Jessica
  2379 | D:2      | Killed Jessica
  2379 | D:2      | Reached XP level 5. HP: 33/33 MP: 0/9
  2458 | D:2      | Found a sacrificial altar of Ru.
  2560 | D:2      | Slain by Sigmund

Levels and vault maps discovered:
D:1:      dpeg_arrival_orchard, layout_basic
D:2:      layout_rooms, lemuel_coloured_pillars_altar,
          nicolae_ru_sacrificial_ziggurat, uniq_sigmund, uniq_jessica

Skill      XL: |  1  2  3  4 |
---------------+-------------+-----
Fighting       | 1 |  1.4
Conjurations   | 2 |  2.5
Spellcasting   | 3 |  3.0
Dodging        | |  2.0
Stealth        | |  2.6
Air Magic      | |  3.8

Action                   |  1- 3 |  4- 6 || total
-------------------------+-------+-------++-------
Melee: Unarmed           |     8 |       ||     8
       Constrict         |     4 |       ||     4
       Dagger            |    15 |       ||    15
       Tentacles         |     2 |       ||     2
 Cast: Shock             |    58 |    34 ||    92
 Stab: Sleeping          |     1 |       ||     1
  Eat: Chunk             |     4 |     1 ||     5
Armor: Skin              |     9 |     1 ||    10
Dodge: Dodged            |    34 |     2 ||    36

Table legend:
 A = Non-vault XP
 B = Vault XP
 C = Vault XP percentage of total XP
 D = Non-vault monster count
 E = Vault monster count
 F = Vault count percentage of total count
                 A         B        C        D         E       F
            +---------+---------+-------+---------+---------+-------
      Total |     136 |      37 |  21.4 |      38 |       1 |   2.6
            +---------+---------+-------+---------+---------+-------
        D:1 |      29 |       0 |   0.0 |      19 |       0 |   0.0
        D:2 |     107 |      37 |  25.7 |      19 |       1 |   5.0
            +---------+---------+-------+---------+---------+-------
